 Dungeon Crawl Stone Soup version 0.31-a0-370-g25055926c8 (webtiles) character file.

Game seed: 8881710409005351896

105 Bnni the Shield-Bearer (level 5, -6/42 HPs)
             Began as a Formicid Fighter on July 29, 2023.
             Mangled by an ogre
             ... wielding a +0 giant spiked club
              (27 damage)
             ... on level 3 of the Dungeon.
             The game lasted 00:02:33 (1842 turns).

Bnni the Shield-Bearer (Formicid Fighter)           Turns: 1842, Time: 00:02:34

Health: -6/42      AC: 10    Str: 23    XL:     5   Next: 8%
Magic:  0/5        EV:  7    Int:  7    God:
Gold:   298        SH:  9    Dex: 13    Spells: 4/4 levels left

rFire   . . .        a - +0 war axe
rCold   . . .        f - +0 kite shield
rNeg    . . .        g - +0 chain mail
rPois   .            (helmet unavailable)
rElec   .            (no cloak)
rCorr   .            h - +0 pair of gloves
SInv    +            (no boots)
Will    .....        b - amulet of guardian spirit Stlth
                     (no ring)
HPRegen 0.27/turn    (no ring)
MPRegen 0.09/turn

%: guardian spirit
@: mighty
A: permanent stasis, dig shafts and tunnels, antennae 3, four strong arms
a: Dig, Shaft Self


You were on level 3 of the Dungeon.
You visited 1 branch of the dungeon, and saw 3 of its levels.

You collected 298 gold pieces.

Inventory:

Hand Weapons
 a - a +0 war axe (weapon)
Missiles
 l - 2 boomerangs
Armour
 f - a +0 kite shield (worn)
 g - a +0 chain mail (worn)
 h - a +0 pair of gloves (worn)
Jewellery
 b - an amulet of guardian spirit (around neck)
Scrolls
 c - a scroll of teleportation {unknown}
 e - 2 scrolls of revelation {unknown}
 j - 4 scrolls of fog {unknown}
 k - 3 scrolls of identify {unknown}
 m - a scroll of vulnerability {unknown}
 n - a scroll of poison {unknown}
 o - a scroll of enchant weapon {unknown}
Potions
 i - a potion of enlightenment {unknown}
 p - a potion of attraction {unknown}


   Skills:
 + Level 4.1 Fighting
 * Level 3.7 Axes
 - Level 3.2 Armour
 + Level 4.8 Shields


You had 4 spell levels left.
You didn't know any spells.
Your spell library contained the following spells:

 Spells                   Type           Power      Damage    Failure   Level
 Shock                    Conj/Air       0%         1d3       99%         1
 Ensorcelled Hibernation  Hex/Ice        0%         N/A       100%        2
 Passwall                 Tmut/Erth      0%         N/A       100%        2
 Airstrike                Air            0%         2d(0-16)  100%        4
 Swiftness                Air            Unusable   N/A       N/A         3

Dungeon Overview and Level Annotations

Branches:
Dungeon (3/15)

Altars:


Innate Abilities, Weirdness & Mutations

You cannot be hasted, slowed, berserked, paralysed or teleported.
You can dig through walls and to a lower floor.
You have a pair of large antennae on your head. (SInv)
Your four strong arms can wield two-handed weapons with a shield.


Message History

The goblin hits you with a +0 dagger. You block the goblin's attack. x2
The goblin hits you but does no damage.
Unknown command.
You barely miss the goblin. x2; You block the goblin's attack.
The goblin barely misses you.
Unknown command.
You barely miss the goblin. You hit the goblin.
You kill the goblin!
The goblin hits you but does no damage.
Unknown command.
You barely miss the goblin. You slash the goblin!
You kill the goblin!
The goblin hits you but does no damage. You block the goblin's attack. x2
Unknown command.
You slash the goblin!
You kill the goblin!
You slash the goblin!
You kill the goblin!
Unknown command.
You hit the ogre.
The ogre is lightly wounded.
You block the ogre's attack.
Unknown command.
You barely miss the ogre.
The ogre is lightly wounded.
The ogre hits you with a +0 giant spiked club!
Unknown command.
Unknown command.
You feel very mighty all of a sudden. The ogre barely misses you.
Unknown command.
You barely miss the ogre.
The ogre is lightly wounded.
The ogre hits you with a +0 giant spiked club!
Unknown command.
You hit the ogre.
The ogre is moderately wounded.
The ogre hits you with a +0 giant spiked club!!
Ouch! That really hurt!
You die...

#######.################.##.
...................).)......
#######.##.......#######.###
### #.##.......# #.###
.....#####.##.......# #.#..
##.........##.......# #.#..
.....####..##.......# #.#..
.....####..##..######## #.#..
........#.....@#{,,#'.# #.#..
#.........##.)Og..##'#########
#######'#####..#...#...........
.........## #..#####.......###.
..........# #### #......##...
..........###### #......##.##
#########......# #...†..##...
#########'######'#..(.#.##
#...# #......# #.#.####...


You could see an ogre and a goblin.

Vanquished Creatures
  Robin (D:3)
  3 worms
  2 dart slugs
  7 bats
  4 endoplasms
  9 hobgoblins
  6 jackals
  2 kobolds
  4 quokkas
  4 ball pythons
  4 frilled lizards
  21 goblins
  6 rats
73 creatures vanquished.

Notes
Turn   | Place    | Note
-------+----------+-------------------------------------------
     0 | D:1      | Bnni the Formicid Fighter began the quest for the Orb.
     0 | D:1      | Reached XP level 1. HP: 18/18 MP: 1/1
    88 | D:1      | Reached XP level 2. HP: 23/24 MP: 0/2
   442 | D:1      | Reached XP level 3. HP: 29/29 MP: 3/3
   905 | D:2      | Reached XP level 4. HP: 37/37 MP: 4/4
  1676 | D:3      | Noticed Robin
  1693 | D:3      | Killed Robin
  1709 | D:3      | Reached XP level 5. HP: 30/42 MP: 3/5
  1829 | D:3      | Noticed an ogre
  1842 | D:3      | Mangled by an ogre

Illustrated notes

Levels and vault maps discovered:
D:1:      minmay_arrival_open_corners, layout_rooms, minmay_gold_behind_fungi,
          chequers_jeans, chequers_avenue
D:2:      layout_rooms
D:3:      layout_basic, minmay_misc_feat_ornament, minmay_ogre_servants,
          uniq_robin

Skill      XL: |  1  2  3  4 |
---------------+-------------+-----
Axes           | 3 |  3.7
Fighting       | 4 |  4.1
Armour         | |  3.2
Shields        | |  4.8

Action                     |  1- 3 |  4- 6 || total
---------------------------+-------+-------++-------
  Melee: War axe           |    72 |    92 ||   164
    Use: Potion            |       |     1 ||     1
   Stab: Distracted        |       |     1 ||     1
 Armour: Chain mail        |    38 |    55 ||    93
         Scale mail        |     1 |       ||     1
  Dodge: Dodged            |    15 |    24 ||    39
  Block: Kite shield       |    36 |    59 ||    95

Table legend: (Time is in decaauts)
 A = Elapsed time spent in this place.
 B = Non-inter-level travel time spent in this place.
 C = Inter-level travel time spent in this place.
 D = Time resting spent in this place.
 E = Time spent auto-exploring this place.
 F = Levels seen in this place.
 G = Mean time per level.
                   A        B        C        D        E       F      G
               +--------+--------+--------+--------+--------+-----+--------+
         Total |   1918 |   1873 |     45 |    100 |   1281 |   3 |  639.3 |
       Dungeon |   1918 |   1873 |     45 |    100 |   1281 |   3 |  639.3 |
               +--------+--------+--------+--------+--------+-----+--------+

Top non-repeatable levels by time:
     D:1: 834 daAuts
     D:3: 565 daAuts
     D:2: 517 daAuts
